 Dungeon Crawl Stone Soup version 0.19.1-1-g22dce08 (webtiles) character file.

1056 KingOfRats the Sneak (level 8, -13/62 HPs)
             Began as a Human Wanderer on Jan 1, 2017.
             Was a Priest of Jiyva.
             Engulfed by a steam dragon's steam (18 damage)
             ... on level 6 of the Dungeon on Jan 2, 2017.
             The game lasted 00:23:37 (7474 turns).

KingOfRats the Sneak (Human Wanderer)               Turns: 7474, Time: 00:23:38

Health: -13/62     AC:  7    Str: 19    XL:     8   Next: 51%
Magic:  8/8        EV: 14    Int: 13    God:    Jiyva [***...]
Gold:   80         SH:  0    Dex: 15    Spells: 0 memorised, 7 levels left

rFire  x . .     SeeInvis .     h - +0 quarterstaff "Joppyps" {flame, rF- Str+4 Int+3} (curse)
rCold  . . .     Gourm    .     o - +3 leather armour
rNeg   . . .     Faith    .     (shield currently unavailable)
rPois  .         Spirit   .     s - +0 helmet
rElec  .         Reflect  .     (no cloak)
rCorr  +         Harm     .     (no gloves)
MR     .....                    (no boots)
Stlth  +++.......               (no amulet)
                                (no ring)
                                (no ring)

@: no status effects
A: no striking features
a: Request Jelly, Renounce Religion


You were on level 6 of the Dungeon.
You worshipped Jiyva.
Jiyva was most pleased with you.
You were not hungry.

You visited 2 branches of the dungeon, and saw 7 of its levels.

You collected 233 gold pieces.
You spent 153 gold pieces at shops.

Inventory:

Hand Weapons
 h - the cursed +0 quarterstaff "Joppyps" (weapon) {flame, rF- Str+4 Int+3}
   (You found it on level 5 of the Dungeon)

   It has been specially enchanted to burn those struck by it, causing extra
   injury to most foes and up to half again as much damage against particularly
   susceptible opponents.
   It affects your strength (+4).
   It affects your intelligence (+3).
   It makes you vulnerable to fire.
   It has a curse placed upon it.
 w - a +0 short sword of freezing
Armour
 o - a +3 leather armour (worn)
 s - a +0 helmet (worn)
 y - the +4 shield "Lebbu" {rC+ rCorr, unknown}
   (You found it on level 6 of the Dungeon)

   It protects you from cold.
   It protects you from acid and corrosion.
Jewellery
 a - an uncursed ring of wizardry
Wands
 d - a wand of slowing (43/48)
 v - a wand of paralysis (11/24)
 z - a wand of iceblast (4/15)
Scrolls
 e - 3 scrolls of magic mapping
 k - a scroll of random uselessness {unknown}
 l - a scroll of remove curse {unknown}
 m - a scroll of enchant armour {unknown}
 p - a scroll of teleportation {unknown}
 r - a scroll of enchant weapon {unknown}
 t - a scroll of amnesia {unknown}
Potions
 b - a potion of lignification
 c - 6 potions of curing
 g - a potion of flight
 i - a potion of agility
 n - a potion of haste
 q - a potion of cure mutation
 u - a potion of invisibility
Comestibles
 f - 3 bread rations
 x - a slice of pizza


   Skills:
 + Level 5.1 Fighting
 - Level 3.9 Short Blades
   Level 1.0(1.9) Polearms
 + Level 2.5(2.6) Staves
 + Level 1.0 Throwing
 + Level 1.8 Armour
 + Level 4.9 Dodging
 - Level 5.4 Stealth


You had 7 spell levels left.
You didn't know any spells.

Dungeon Overview and Level Annotations

Branches:
Dungeon (6/15)             Temple (1/1) D:6

Altars:
Elyvilon
Fedhas
Hepliaklqana
Nemelex Xobeh
Qazlal
Jiyva
Lugonu

Shops:
D:5 **(


Message History

The steam dragon closely misses you. x2; The orc misses you.
You thump the steam dragon! You burn the steam dragon.
The steam dragon is almost dead.
The steam dragon breathes steam at you. The ball of steam hits you!
The steam scalds you terribly!
* * * LOW HITPOINT WARNING * * *
The orc hits you but does no damage. The steam dragon barely misses you.
The steam dragon misses you.
You hit the steam dragon but do no damage.
The steam dragon is almost dead.
You are engulfed in a cloud of scalding steam.
* * * LOW HITPOINT WARNING * * *
The orc barely misses you. The steam dragon bites you.
* * * LOW HITPOINT WARNING * * *
The steam dragon misses you.
Okay, then.
You barely miss the steam dragon.
The steam dragon is almost dead.
You are engulfed in a cloud of scalding steam.
You die...

#....## #..##. ##.....#
#..##. ###......## #..##.
####.........# #..##.
.........$...# #..##.
#.........## #..##.
#...(....(.# #..##.
#...D....#.#####..##.
#######..o@...(+.........#.
##...........§...##.#......#.
.#
#......##.####'#.##..........
.# #.........
#.#.###........§ .#
#>.....#### #.#..........≈≈≈
.# #.........
....###...###§## .#
#......... ..#.# #.≈≈#≈≈§≈≈
.####).....#### #≈≈≈#§§_≈≈
..........#...# #≈§≈≈§>8≈#


You could see a steam dragon and an orc.

Vanquished Creatures
  Menkaure (D:5)
  An ogre (D:5)
  2 ice beasts (D:5)
  A sky beast (Temple)
  3 howler monkeys
  A crimson imp (D:6)
  A hound (D:5)
  2 orc priests (D:3)
  A centaur zombie (D:5)
  2 orc wizards
  Natasha (thrice) (D:3 D:6)
  3 worker ants
  A hound zombie (D:6)
  2 worker ant zombies
  5 adders
  A worm (D:3)
  3 dart slugs
  5 leopard geckos
  13 orcs
  3 ball pythons
  7 bats
  7 giant cockroaches
  6 goblins
  7 hobgoblins
  3 jackals (D:2)
  10 kobolds
  5 quokkas
  4 frilled lizards
  A giant cockroach zombie (D:6)
  A jackal zombie (D:6)
  A quokka skeleton (D:6)
  A quokka zombie (D:5)
  7 rats
114 creatures vanquished.

Vanquished Creatures (others)
  The ghost of cuckmaster the Chopper, an amateur FoFi (D:4)
  An ice beast (D:3)
  A phantom (D:4)
  An ogre (D:5)
  9 jellies
  2 orc wizards
  A worker ant (D:3)
  3 adders
  An ooze (D:5)
  An adder zombie (D:5)
  3 worms
  6 orcs
  2 goblins (D:3)
  2 quokkas (D:4)
  A ball python (D:4)
  A bat (D:3)
  A kobold (D:3)
37 creatures vanquished.

Grand Total: 151 creatures vanquished

Notes
Turn   | Place    | Note
-------+----------+-------------------------------------------
     0 | D:1      | KingOfRats the Human Wanderer began the quest for the Orb.
     0 | D:1      | KingOfRats set off with: a +2 leather armour, a potion of lignification, a potion of curing, a +0 dagger, a bread ration
     0 | D:1      | Reached XP level 1. HP: 18/18 MP: 1/1
   266 | D:1      | Reached XP level 2. HP: 22/24 MP: 2/2
   875 | D:1      | Reached XP level 3. HP: 15/29 MP: 3/3
  1221 | D:1      | Reached skill level 1 in Short Blades
  1606 | D:2      | Reached XP level 4. HP: 29/35 MP: 4/4
  1933 | D:3      | Noticed Natasha
  1940 | D:3      | Killed Natasha
  2011 | D:3      | Reached XP level 5. HP: 42/42 MP: 5/5
  3026 | D:3      | Reached XP level 6. HP: 21/48 MP: 6/6
  3630 | D:3      | Found a faded altar of an unknown god.
  3649 | D:3      | Became a worshipper of Jiyva Jabbow the Shapeless
  3649 | D:3      | Reached * piety under Jiyva
  3780 | D:3      | You fall through a shaft!
  3819 | D:4      | Noticed cuckmaster's ghost (amateur FoFi)
  4261 | D:4      | Reached ** piety under Jiyva
  4356 | D:4      | Reached XP level 7. HP: 40/54 MP: 7/7
  4439 | D:4      | Killed cuckmaster's ghost
  4895 | D:5      | Entered Level 5 of the Dungeon
  4967 | D:3      | Found a faded altar of an unknown god.
  4967 | D:3      | Found a faded altar of an unknown god.
  4972 | D:3      | Found a sparkling altar of Nemelex Xobeh.
  4974 | D:3      | Found a faded altar of an unknown god.
  4976 | D:3      | Found a faded altar of an unknown god.
  5261 | D:3      | Reached *** piety under Jiyva
  5334 | D:3      | Gained mutation: You passively map a small area around you. [Jiyva's grace]
  5718 | D:5      | Reached skill level 5 in Stealth
  5891 | D:5      | Found Miwkeo's Assorted Antiques.
  5897 | D:5      | Bought a glowing short sword for 153 gold pieces
  5920 | D:5      | Noticed Menkaure
  5927 | D:5      | Found Komipy's Antique Weapon Emporium.
  5958 | D:5      | Killed Menkaure
  5958 | D:5      | Reached XP level 8. HP: 32/61 MP: 8/8
  6119 | D:5      | Lost mutation: You passively map a small area around you. [Jiyva's grace]
  6119 | D:5      | Reached **** piety under Jiyva
  6179 | D:5      | Reached skill level 5 in Fighting
  6256 | D:5      | Got a bloodstained quarterstaff
  6257 | D:5      | Identified the cursed +0 quarterstaff "Joppyps" {flame, rF- Str+4 Int+3} (You found it on level 5 of the Dungeon)
  6363 | D:5      | Found Xiciucum's Assorted Antiques.
  6842 | D:6      | Reached skill level 1 in Armour
  6863 | D:6      | Found a staircase to the Ecumenical Temple.
  6885 | D:6      | Noticed Natasha
  6923 | D:6      | Killed Natasha
  6927 | Temple   | Entered the Ecumenical Temple
  7238 | D:6      | Noticed Natasha
  7243 | D:6      | Killed Natasha
  7276 | D:6      | Found a white marble altar of Elyvilon.
  7300 | D:6      | Got a faintly glowing shield
  7309 | D:6      | Found a stormy altar of Qazlal.
  7474 | D:6      | Engulfed by a steam dragon's steam

Skill      XL: |  1  2  3  4  5  6  7  8 |
---------------+-------------------------+-----
Dodging        | 2 3 4 |  4.9
Short Blades   | 1 2 3 |  3.9
Stealth        | 4 5 |  5.4
Fighting       | 4 5 |  5.1
Armour         | 1 |  1.8
Staves         | 2 |  2.5
Polearms       | |  1.0
Throwing       | |  1.0

Action                   |  1- 3 |  4- 6 |  7- 9 || total
-------------------------+-------+-------+-------++-------
Melee: Dagger            |    58 |       |       ||    58
       Short sword       |   116 |   332 |   134 ||   582
       Quarterstaff      |       |       |    99 ||    99
Invok: Request Jelly     |       |     1 |     3 ||     4
       Slimify           |       |       |     1 ||     1
  Use: Scroll            |       |     5 |     7 ||    12
       Potion            |       |     1 |     2 ||     3
 Stab: Sleeping          |     6 |     4 |     3 ||    13
       Distracted        |       |       |     1 ||     1
  Eat: Chunk             |     2 |     9 |     2 ||    13
Armor: Leather armour    |    84 |    99 |    71 ||   254
       Skin              |       |       |    42 ||    42
Dodge: Dodged            |   129 |   200 |   150 ||   479
